 Dungeon Crawl Stone Soup version 0.27.1-33-g824d729ab1 (webtiles) character file.

Game seed: 11105950125553014802

3689 pkoi the Grappler (level 9, -1/67 HPs)
             Began as a Green Draconian Gladiator on Dec 13, 2021.
             Was a Priest of Okawaru.
             Slain by a tengu warrior (11 damage)
             ... on level 7 of the Dungeon.
             The game lasted 00:09:59 (8493 turns).

pkoi the Grappler (Green Draconian Gladiator)       Turns: 8493, Time: 00:10:00

Health: -1/67      AC:  9    Str: 26    XL:     9   Next: 90%
Magic:  0/12       EV: 14    Int: 11    God:    Okawaru [***...]
Gold:   452        SH:  0    Dex: 12    Spells: 10/13 levels left

rFire    + + .     SeeInvis .     - Unarmed
rCold    . . .     Faith    .   (no shield)
rNeg     . . .     Spirit   +   (armour unavailable)
rPois    +         Reflect  .   a - +1 hat
rElec    .         Harm     .   (no cloak)
rCorr    .         Rampage  .   (no gloves)
Will     .....                  h - +0 pair of boots "Arheg" {Drain rF++ Str+2}
Stlth    +.........             i - amulet of guardian spirit
HPRegen  0.21/turn              j - +4 ring of slaying
MPRegen  0.13/turn              l - +6 ring of strength

@: about to teleport
A: breathe noxious fumes, AC +7, unfitting armour, poison resistance,
cold-blooded
a: Breathe Noxious Fumes, Renounce Religion, Heroism


You were on level 7 of the Dungeon.
You worshipped Okawaru.
Okawaru was most pleased with you.
You visited 2 branches of the dungeon, and saw 9 of its levels.

You collected 452 gold pieces.

Inventory:

Hand Weapons
 b - a +0 shortbow of freezing
 d - a +1 whip of venom
Missiles
 g - 29 poisoned darts
 q - 3 throwing nets (quivered)
 r - 162 arrows
Armour
 a - a +1 hat (worn)
 h - the +0 pair of boots "Arheg" (worn) {Drain rF++ Str+2}
   (You found it on level 6 of the Dungeon)

   Str:       It affects your strength (+2).
   rF:        It greatly protects you from fire.
   Drain:     It drains your maximum health when unequipped.
Jewellery
 i - an amulet of guardian spirit (around neck)
 j - a +4 ring of slaying (left hand)
 l - a +6 ring of strength (right hand)
 o - an amulet of the acrobat
Wands
 s - a wand of acid (8)
 t - a wand of digging (5)
Scrolls
 e - a scroll of teleportation
 k - 3 scrolls of identify
 n - 2 scrolls of amnesia
Potions
 c - a potion of resistance {unknown}
 f - 2 potions of heal wounds
 p - 2 potions of invisibility
 u - a potion of ambrosia


   Skills:
 - Level 2.1 Fighting
 + Level 1.9 Bows
 - Level 1.7 Throwing
 + Level 5.9 Dodging
 * Level 11.1 Unarmed Combat
 + Level 2.5 Spellcasting
 + Level 2.6 Transmutations
 + Level 3.3 Poison Magic
 - Level 4.0 Evocations


You had 10 spell levels left.
You knew the following spells:

 Your Spells              Type           Power      Damage    Failure   Level
a - Spider Form           Tmut/Pois      3%         N/A       24%         3

Your spell library contained the following spells:

 Spells                   Type           Power      Damage    Failure   Level
 Beastly Appendage        Tmut           14%        N/A       10%         1
 Wereblood                Tmut           7%         N/A       14%         2
 Animate Skeleton         Necr           2%         N/A       28%         1
 Magic Dart               Conj           4%         1d3       28%         1
 Pain                     Necr           4%         1d4       28%         1
 Call Imp                 Summ           1%         N/A       38%         2
 Slow                     Hex            1%         N/A       38%         2
 Mephitic Cloud           Conj/Pois/Air  3%         N/A       47%         3
 Confusing Touch          Hex            1%         N/A       63%         3
 Stone Arrow              Conj/Erth      2%         3d7       63%         3
 Vampiric Draining        Necr           0%         2d6       63%         3
 Bolt of Magma            Conj/Fire/Erth 0%         4d4       100%        5
 Shatter                  Erth           0%         3d5*      100%        9


Dungeon Overview and Level Annotations

Branches:
Dungeon (8/15)             Temple (1/1) D:4
   Lair: D:8-11

Altars:
Ashenzari
Cheibriados
Elyvilon
Fedhas
Gozag
Hepliaklqana
Kikubaaqudgha
Makhleb
Nemelex Xobeh
Okawaru
Qazlal
Ru
Trog
Uskayaw
Vehumet
Wu Jian
Xom
Yredelemnul
Zin
The Shining One


Innate Abilities, Weirdness & Mutations

You can breathe blasts of noxious fumes.
Your lurid green scales are hard. (AC +7)
You cannot fit into any form of body armour.
Your system is resistant to poisons. (rPois)
You are cold-blooded and may be slowed by cold attacks.


Message History

The tengu warrior is lightly wounded.
The tengu warrior hits you but does no damage.
The tengu warrior pecks you but does no damage.
The tengu warrior claws you but does no damage.
You gain the combat prowess of a mighty hero.
The tengu warrior hits you with a +0 long sword!
* * * LOW HITPOINT WARNING * * *
The tengu warrior closely misses you.
The tengu warrior claws you but does no damage.
Unknown command.
The tengu warrior blocks your attack.
Your tail-slap misses the tengu warrior.
The tengu warrior is lightly wounded.
The tengu warrior closely misses you.
The tengu warrior pecks you but does no damage.
The tengu warrior claws you but does no damage.
You hit the tengu warrior.
The tengu warrior is moderately wounded.
You hit the tengu warrior.
Your tail-slap misses the tengu warrior.
The tengu warrior is moderately wounded.
The tengu warrior hits you with a +0 long sword.
* * * LOW HITPOINT WARNING * * *
The tengu warrior barely misses you. The tengu warrior claws you.
* * * LOW HITPOINT WARNING * * *
There is a stone staircase leading up here.
The tengu warrior barely misses you. x3
You climb upwards.
There is a stone staircase leading down here.
Okay, then.
Unknown command.
As you read the scroll of teleportation, it crumbles to dust.
You feel strangely unstable.
You feel like a meek peon again.
The tengu warrior hits you with a +0 long sword!
* * * LOW HITPOINT WARNING * * *
The tengu warrior barely misses you.
The tengu warrior claws you but does no damage.
The tengu warrior hits you with a +0 long sword!
You die...

### ##(##
##...################
#...................#
#####...########.###.#.# #
#......## #.# #.#.# ##
#.###### #Q###.#.## ##≈ #.#
#@.......#######≈≈ #.#
#..............'.. #.# ###
#....#...#######≈≈ #.#
##.######.#.###.#...# ##≈
..######...................#
##
.#..!..................#...#
#
<#.######.########.######.##
.#.# #.# #.....# #.# .#.#
#.# #.....#####.#######


You could see a tengu warrior.

Vanquished Creatures
  Joseph (D:7)
  Grinder (D:3)
  Sigmund (D:3)
  A steam dragon (D:6)
  2 water moccasins (D:7)
  2 ice beasts
  3 sky beasts
  A black bear (D:8)
  4 ogres
  4 centaurs
  A kobold brigand (D:7)
  4 scorpions
  A water moccasin zombie (D:5)
  4 wights
  2 electric eels (D:7)
  A centaur zombie (D:7)
  6 hounds
  2 orc priests (D:5)
  A centaur skeleton (D:6)
  3 jellies
  2 bullfrog skeletons (D:5)
  2 iguanas
  8 orc wizards
  An adder (D:3)
  8 gnolls
  A shadow imp (D:5)
  A white imp (D:4)
  An ufetubus (D:6)
  A worm (D:2)
  A dart slug (D:3)
  21 orcs
  8 endoplasms
  4 giant cockroaches
  5 goblins
  5 hobgoblins
  2 jackals (D:1)
  10 kobolds
  2 quokkas
  6 ball pythons
  5 bats
  2 frilled lizards
  7 rats
148 creatures vanquished.

Vanquished Creatures (others)
  17 plants (D:3)
17 creatures vanquished.

Grand Total: 165 creatures vanquished

Notes
Turn   | Place    | Note
-------+----------+-------------------------------------------
     0 | D:1      | pkoi the Draconian Gladiator began the quest for the Orb.
     0 | D:1      | Reached XP level 1. HP: 17/17 MP: 1/1
   175 | D:1      | Reached XP level 2. HP: 15/24 MP: 2/2
   488 | D:1      | Found a faded altar of an unknown god.
   493 | D:1      | Reached skill level 4 in Unarmed Combat
   836 | D:2      | Reached XP level 3. HP: 29/29 MP: 3/3
  1752 | D:3      | Noticed Grinder
  1758 | D:3      | Paralysed by Grinder for 5 turns
  1888 | D:3      | Paralysed by Grinder for 5 turns
  1912 | D:3      | Paralysed by Grinder for 5 turns
  1921 | D:3      | Killed Grinder
  1922 | D:3      | Reached skill level 6 in Unarmed Combat
  1922 | D:3      | Reached XP level 4. HP: 32/36 MP: 4/4
  1922 | D:3      | Reached XP level 5. HP: 36/41 MP: 5/5
  2168 | D:3      | Noticed Sigmund
  2176 | D:3      | Killed Sigmund
  2177 | D:3      | Reached skill level 7 in Unarmed Combat
  2177 | D:3      | Reached XP level 6. HP: 31/48 MP: 4/6
  2425 | D:4      | Found a staircase to the Ecumenical Temple.
  2462 | Temple   | Entered the Ecumenical Temple
  2774 | Temple   | Became a worshipper of Warmaster Okawaru
  3017 | D:4      | Reached skill level 8 in Unarmed Combat
  3017 | D:4      | Your scales start taking on a lurid green colour.
  3017 | D:4      | Reached XP level 7. HP: 39/55 MP: 5/7
  3017 | D:4      | Gained mutation: Your system is resistant to poisons.
                  | (rPois) [Green Draconian growth]
  3355 | D:5      | Entered Level 5 of the Dungeon
  3971 | D:5      | Reached * piety under Okawaru
  3972 | D:5      | Reached skill level 9 in Unarmed Combat
  4052 | D:5      | Reached XP level 8. HP: 61/61 MP: 8/8
  4401 | D:5      | Reached skill level 1 in Evocations
  4849 | D:5      | Reached skill level 10 in Unarmed Combat
  5574 | D:6      | Identified the +0 pair of boots "Arheg" {Drain rF++ Str+2}
  5613 | D:6      | Reached ** piety under Okawaru
  5614 | D:6      | Reached skill level 5 in Dodging
  5720 | D:6      | Learned a level 3 spell: Spider Form
  5840 | D:6      | Found a hide-covered altar of Uskayaw.
  5842 | D:6      | Found a blossoming altar of Fedhas.
  5853 | D:6      | Reached XP level 9. HP: 55/67 MP: 7/9
  5943 | D:6      | Found an opulent altar of Gozag.
  5943 | D:6      | Found a glowing silver altar of Zin.
  5944 | D:6      | Found an ancient bone altar of Kikubaaqudgha.
  5987 | D:6      | Reached skill level 1 in Poison Magic
  6028 | D:6      | Found a shimmering altar of Xom.
  6181 | D:6      | Reached skill level 1 in Spellcasting
  6400 | D:7      | Reached skill level 1 in Transmutations
  7197 | D:7      | Noticed Joseph
  7204 | D:7      | Killed Joseph
  7204 | D:7      | Reached *** piety under Okawaru
  7205 | D:7      | Reached skill level 1 in Bows
  8077 | D:7      | Reached skill level 11 in Unarmed Combat
  8465 | D:8      | Noticed a tengu warrior
  8493 | D:7      | Slain by a tengu warrior

Illustrated notes

Levels and vault maps discovered:
D:1:      dpeg_arrival_pond, layout_rooms, ebering_ecumenical_altar_sacrificial
D:2:      layout_loops_cross
D:3:      layout_basic, serial_bayou_lake_a, uniq_sigmund, uniq_grinder
D:4:      layout_rooms, minmay_temple_entry_steel_oval
D:5:      layout_layer_cave
D:6:      layout_loops_ring, lemuel_doored_altar,
          gammafunk_temple_overflow_claw, mainiacjoe_overflow_catwalk_spiral
D:7:      layout_loops_ring, kennysheep_diamond, uniq_joseph
D:8:      layout_basic, lemuel_round_altar, minmay_manual_mess
Temple:   jpeg_temple_clearing

Skill      XL: |  1  2  3  4  5  6  7  8  9 |
---------------+----------------------------+-----
Unarmed Combat | 4 6 7 8 9 10 11 | 11.1
Dodging        | 4 5 |  5.9
Evocations     | 3 4 |  4.0
Poison Magic   | 3 |  3.3
Spellcasting   | 2 |  2.5
Transmutations | 2 |  2.6
Bows           | 1 |  1.9
Fighting       | |  2.1
Throwing       | |  1.7

Action                   |  1- 3 |  4- 6 |  7- 9 || total
-------------------------+-------+-------+-------++-------
Melee: Unarmed           |    39 |    47 |   205 ||   291
       Tailslap          |    18 |     6 |    31 ||    55
       Whip              |    71 |     5 |       ||    76
       Punch             |     1 |     1 |     8 ||    10
 Fire: Shortbow          |       |       |    41 ||    41
Invok: Heroism           |       |       |     2 ||     2
 Abil: Breathe Noxious F |       |       |     7 ||     7
  Use: Potion            |     4 |       |       ||     4
       Scroll            |       |     1 |    10 ||    11
 Stab: Confused          |       |       |     1 ||     1
Armor: Skin              |    39 |    16 |    72 ||   127
Dodge: Dodged            |    54 |    44 |   111 ||   209
